 Dungeon Sprint DCSS version 0.28-a0-479-g5baa6b73be (webtiles) character file.

Game seed: 5002534698874503794

2 MikeHunt the Skirmisher (level 1, -5/18 HPs)
             Began as a Demonspawn Chaos Knight on Sept 17, 2021.
             Was a Plaything of Xom.
             Killed by nerve-wracking pain
             ... invoked by Jessica
              (8 damage)
             ... in the Dungeon (Sprint III: "The Ten Rune Challenge").
             The game lasted 00:00:16 (214 turns).

MikeHunt the Skirmisher (Demonspawn Chaos Knight)    Turns: 214, Time: 00:00:17

Health: -5/18      AC:  5    Str: 12    XL:     1   Next: 33%
Magic:  1/1        EV: 11    Int: 13    God:    Xom [*.....]
Gold:   0          SH:  0    Dex: 12    Spells: 0/0 levels left

rFire   . . .      SeeInvis .     - Unarmed
rCold   . . .      Faith    .   (no shield)
rNeg    . . .      Spirit   .   a - +2 leather armour
rPois   .          Reflect  .   (no helmet)
rElec   .          Harm     .   (no cloak)
rCorr   .          Rampage  .   (no gloves)
Will    .....      NoTele   +   (no boots)
Stlth   +.........              (no amulet)
HPRegen 0.06/turn               (no ring)
MPRegen 0.07/turn               (no ring)

@: no status effects
A: no striking features
a: Renounce Religion


You were in the Dungeon.
You worshipped Xom.
You were a special plaything of Xom.
You visited 1 branch

Inventory:

Armour
 a - a +2 leather armour (worn)
Scrolls
 g - a scroll of blinking
Potions
 b - a potion of curing
 c - a potion of heal wounds
 d - a potion of haste
 e - 2 potions of magic
 f - a potion of berserk rage


   Skills:
 + Level 3.6 Fighting
 - Level 1.7 Armour
 - Level 0.8 Dodging
 + Level 3.2 Unarmed Combat


You couldn't memorise any spells.
You didn't know any spells.
Your spell library was empty.

Dungeon Overview and Level Annotations

Branches:
Dungeon (1/1)

Altars:

Annotations:
D Jessica


Message History

Jessica seems to speed up.
Jessica mumbles some strange words.
Jessica blinks!
Jessica hits you with a +0 club. x2
You hit Jessica but do no damage.
Xom smirks.
You detect items!
You are now a special plaything of Xom.
Jessica closely misses you.
You closely miss Jessica. Jessica misses you. Jessica closely misses you.
You hit Jessica.
Jessica is lightly wounded.
Jessica barely misses you.
You hit Jessica but do no damage.
Jessica is lightly wounded.
Jessica hits you but does no damage.
You hit Jessica but do no damage.
Jessica is lightly wounded.
Jessica casts a spell.
Jessica blinks!
Jessica hits you but does no damage.
You hit Jessica.
Jessica is severely wounded.
Jessica casts a spell at you.
You barely resist. You completely miss Jessica.
Jessica is severely wounded.
Jessica barely misses you. Jessica casts a spell at you.
Pain shoots through your body!
You closely miss Jessica.
Jessica is severely wounded.
Jessica hits you with a +0 club.
You hit Jessica but do no damage.
Jessica is severely wounded.
Jessica hits you with a +0 club.
* * * LOW HITPOINT WARNING * * *
Jessica gestures at you while chanting. Pain shoots through your body!
You die...
Xom cackles wildly!

▓<.#∆∆
▓..#∆∆
▓#'####
▓..†..#
▓.....#
▓....)#
▓####'#
▓$@...#
▓..@..#
▓.....#
▓+#####


You could see Jessica (fast).

Vanquished Creatures
  An endoplasm (D)
  2 rats (D)
3 creatures vanquished.

Vanquished Creatures (others)
  A hydra (D)
  3 plants (D)
4 creatures vanquished.

Grand Total: 7 creatures vanquished

Notes
Turn   | Place    | Note
-------+----------+-------------------------------------------
     0 | D        | MikeHunt the Demonspawn Chaos Knight began the quest for
                  | the Orb.
     0 | D        | Reached XP level 1. HP: 18/18 MP: 1/1
   111 | D        | Killed a seven-headed hydra
   202 | D        | Noticed Jessica
   206 | D        | XOM: divination: detect items
   214 | D        | Killed from afar by Jessica

Illustrated notes

Levels and vault maps discovered:
D:        dungeon_sprint_mu [sprint_mu_entry_forest, sprint_mu_temple_rooms,
          sprint_mu_d1_horrors, sprint_mu_d2_genie, sprint_mu_d3_branching,
          sprint_mu_orc_legion, sprint_mu_elf_gauntlet, sprint_mu_hive_nellie,
          sprint_mu_lair_fedhas, sprint_mu_vaults_butterflies,
          sprint_mu_slime_circle, sprint_mu_swamp_cave, sprint_mu_shoals_archi,
          sprint_mu_blade_basic, sprint_mu_crypt_fortress,
          sprint_mu_tomb_spiral, sprint_mu_vestibule_basic,
          sprint_mu_gehenna_hellfire, sprint_mu_dis_giant,
          sprint_mu_tartarus_statrot, sprint_mu_cocytus_islands, sprint_mu_zot1]

Skill      XL: |  1 |
---------------+----+-----
Unarmed Combat | 3 |  3.2
Fighting       | |  3.6
Armour         | |  1.7
Dodging        | |  0.8

Action                   || total
-------------------------++-------
Melee: Unarmed           ||    21
Armor: Leather armour    ||     4
Dodge: Dodged            ||    10

Table legend: (Time is in decaauts)
 A = Elapsed time spent in this place.
 B = Non-inter-level travel time spent in this place.
 C = Inter-level travel time spent in this place.
 D = Time resting spent in this place.
 E = Time spent auto-exploring this place.
 F = Levels seen in this place.
 G = Mean time per level.
                   A        B        C        D        E       F      G
               +--------+--------+--------+--------+--------+-----+--------+
         Total |    212 |    212 |      0 |    183 |      0 |   1 |  212.0 |
       Dungeon |    212 |    212 |      0 |    183 |      0 |   1 |  212.0 |
               +--------+--------+--------+--------+--------+-----+--------+

Top non-repeatable levels by time:
       D: 212 daAuts
